 Dungeon Crawl Stone Soup version 0.31-a0-233-g139696dc86 (webtiles) character file.

Game seed: 7481700401383411352

120 qw the Shooter (level 5, -2/30 HPs)
             Began as a Gargoyle Hexslinger on July 7, 2023.
             Slain by Menkaure (15 damage)
             ... on level 4 of the Dungeon.
             The game lasted 00:00:58 (1993 turns).

qw the Shooter (Gargoyle Hexslinger)                Turns: 1993, Time: 00:00:59

Health: -2/30      AC: 13    Str: 11    XL:     5   Next: 4%
Magic:  6/6        EV: 10    Int: 14    God:
Gold:   269        SH:  0    Dex: 14    Spells: 5/6 levels left

rFire   . . .        Y - +1 sling
rCold   . . .        (no shield)
rNeg    + . .        d - +0 ring mail
rPois   inf          g - +2 helmet
rElec   +            (no cloak)
rCorr   .            c - +0 pair of gloves
SInv    .            (no boots)
Will    .....        (no amulet)
Stlth   +            (no ring)
HPRegen 0.25/turn    (no ring)
MPRegen 0.10/turn

%: no passive effects
@: no status effects
A: sickness immunity, AC +4, negative energy resistance 1, electricity
resistance, torment resistance 1, petrification resistance
a: no special abilities


You were on level 4 of the Dungeon.
You visited 1 branch of the dungeon, and saw 4 of its levels.

You collected 269 gold pieces.


Innate Abilities, Weirdness & Mutations

You are immune to sickness and miasma.
Your stone body is resilient. (AC +4)
You are immune to poison.
You resist negative energy. (rN+)
You are resistant to electric shocks. (rElec)
You are resistant to unholy torment.
You are immune to petrification.


   Skills:
 - Level 2.0 Fighting
 + Level 4.5 Ranged Weapons
 - Level 1.2 Armour
 - Level 1.5 Dodging
 - Level 1.0 Spellcasting
 - Level 2.6 Hexes


You had 5 spell levels left.
You knew the following spells:

 Your Spells              Type           Power      Damage    Failure   Level
a - Slow                  Hex            32%        N/A       21%         1

Your spell library contained the following spells:

 Spells                   Type           Power      Damage    Failure   Level
 Inner Flame              Hex/Fire       4%         N/A       71%         3
 Portal Projectile        Hex/Tloc       8%         N/A       71%         3
 Cause Fear               Hex            4%         N/A       90%         4

Inventory:

Hand Weapons
 Y - a +1 sling (weapon)
Armour
 c - a +0 pair of gloves (worn)
 d - a +0 ring mail (worn)
 g - a +2 helmet (worn)
Scrolls
 e - a scroll of identify
Potions
 a - a potion of resistance {unknown}
 b - a potion of lignification {unknown}
 f - 2 potions of might {unknown}

Dungeon Overview and Level Annotations

Branches:
Dungeon (4/15)
 Temple: D:4-7

Altars:

Shops:
D:1 (

Annotations:
D:4 Menkaure


Message History

You shoot a sling bullet.
The sling bullet barely misses the ball python.
The ball python hisses angrily.
You shoot a sling bullet.
The sling bullet barely misses the ball python.
You shoot a sling bullet.
The sling bullet completely misses the ball python.
You shoot a sling bullet. The sling bullet hits the ball python.
You kill the ball python!
Found 4 curare-tipped darts.
Enter note:
Found a flail.
Enter note:
e - a scroll of identify
Enter note: Menkaure, Prince of Dust comes into view.
Enter note: You shoot a sling bullet.
The sling bullet hits Menkaure.
Menkaure is lightly damaged.
Menkaure calls on the powers of darkness!
Your body is wracked with pain!
You shoot a sling bullet. The sling bullet hits Menkaure.
Menkaure is moderately damaged.
You shoot a sling bullet. The sling bullet hits Menkaure.
Menkaure is heavily damaged.
You shoot a sling bullet.
The sling bullet hits Menkaure but does no damage.
Menkaure is heavily damaged.
You shoot a sling bullet. The sling bullet hits Menkaure.
Menkaure is severely damaged.
Menkaure hits you!
You shoot a sling bullet. The sling bullet hits Menkaure.
Menkaure is almost destroyed.
Menkaure barely misses you.
You shoot a sling bullet.
The sling bullet hits Menkaure but does no damage.
Menkaure is almost destroyed.
Menkaure hits you!
Ouch! That really hurt!
You die...

#.#.
##.#.###
#......# #
.......# .#
.....###.# #
#....... #.
#..M..#
#..###...@.#
#..........#
#..........#
#####.....#
#.....#
#.##### #.#
#.# #.#


You could see Menkaure.

Vanquished Creatures
  6 adders
  2 worms (D:3)
  3 dart slugs
  5 orcs
  6 bats
  An endoplasm (D:3)
  A giant cockroach (D:2)
  5 hobgoblins
  6 kobolds
  2 quokkas (D:2)
  8 ball pythons
  2 frilled lizards (D:2)
  3 goblins
  3 rats (D:3)
53 creatures vanquished.

Notes
Turn   | Place    | Note
-------+----------+-------------------------------------------
     0 | D:1      | qw the Gargoyle Hexslinger began the quest for the Orb.
     0 | D:1      | Reached XP level 1. HP: 12/12 MP: 2/2
     0 | D:1      | 0 ||| qw: Version: 0.3-a-46-gb1f654a
     0 | D:1      | 0 ||| qw: Game counter: 3090
     0 | D:1      | 0 ||| qw: Melee chars always use a shield: true
     0 | D:1      | 0 ||| qw: God list: Okawaru
     0 | D:1      | 0 ||| qw: Allow faded altars: false
     0 | D:1      | 0 ||| qw: Do Orc after clearing Dungeon:15 true
     0 | D:1      | 0 ||| qw: Do second Lair branch before Depths: true
     0 | D:1      | 0 ||| qw: Lair rune preference: random
     0 | D:1      | 0 ||| qw: Goals: Normal
     0 | D:1      | 0 ||| PLANNING D:1-11
   192 | D:1      | Found Haon's Weapon Boutique.
   270 | D:1      | Reached XP level 2. HP: 16/16 MP: 3/3
   395 | D:1      | 395 ||| UPGRADING to +0 ring mail.
   405 | D:1      | 405 ||| DROPPING +0 robe.
   406 | D:1      | 406 ||| READING scroll labelled XAPYHI MUSANG.
   407 | D:1      | 407 ||| READING scroll labelled YRIMOC MOXE.
   408 | D:1      | 408 ||| READING scroll labelled XOINUGOCHO.
   413 | D:1      | 413 ||| DROPPING scroll of poison.
   509 | D:2      | Reached skill level 3 in Ranged Weapons
   537 | D:2      | HP: 4/16 [adder (1)]
   544 | D:2      | HP: 1/16 [adder (3)]
   666 | D:2      | Reached XP level 3. HP: 17/21 MP: 4/4
  1092 | D:2      | 1092 ||| UPGRADING to +0 helmet.
  1097 | D:2      | 1097 ||| UPGRADING to +0 pair of gloves.
  1102 | D:2      | 1102 ||| UPGRADING to +2 helmet.
  1112 | D:2      | 1112 ||| DROPPING +0 helmet.
  1113 | D:2      | 1113 ||| READING scroll labelled LEERHE COMIBEO.
  1114 | D:2      | 1114 ||| READING scroll labelled DYVENTUACEHO.
  1264 | D:3      | Reached skill level 1 in Armour
  1289 | D:3      | Reached XP level 4. HP: 26/26 MP: 5/5
  1509 | D:3      | Reached skill level 4 in Ranged Weapons
  1687 | D:3      | 1687 ||| READING scroll labelled APPUTHR RYTZUW.
  1688 | D:3      | 1688 ||| READING scroll labelled BUIMIV BAMP.
  1689 | D:3      | 1689 ||| READING scroll labelled DIYFRIMONWU.
  1898 | D:4      | Reached XP level 5. HP: 28/30 MP: 6/6
  1986 | D:4      | Noticed Menkaure
  1993 | D:4      | Slain by Menkaure

Levels and vault maps discovered:
D:1:      dpeg_arrival_simpleton_a, layout_basic, serial_shops,
          nicolae_shop_back_alley_shop
D:2:      layout_loops_ring, minmay_liquid_box, minmay_misc_feat_chi
D:3:      layout_basic
D:4:      layout_basic, kennysheep_mini_moat, uniq_menkaure

Skill      XL: |  1  2  3  4 |
---------------+-------------+-----
Ranged Weapons | 3 4 |  4.5
Fighting       | 2 |  2.0
Armour         | 1 |  1.2
Dodging        | |  1.5
Spellcasting   | |  1.0
Hexes          | |  2.6

Action                     |  1- 3 |  4- 6 || total
---------------------------+-------+-------++-------
   Fire: Sling             |   137 |   102 ||   239
    Use: Scroll            |     5 |     3 ||     8
 Armour: Robe              |     1 |       ||     1
         Ring mail         |    32 |    37 ||    69
  Dodge: Dodged            |    55 |    26 ||    81

Table legend:
 A = Non-vault XP
 B = Vault XP
 C = Vault XP percentage of total XP
 D = Non-vault monster count
 E = Vault monster count
 F = Vault count percentage of total count
                 A         B        C        D         E       F
            +---------+---------+-------+---------+---------+-------
      Total |     172 |       0 |   0.0 |      53 |       0 |   0.0
            +---------+---------+-------+---------+---------+-------
        D:1 |      16 |       0 |   0.0 |       8 |       0 |   0.0
        D:2 |      46 |       0 |   0.0 |      16 |       0 |   0.0
        D:3 |      81 |       0 |   0.0 |      21 |       0 |   0.0
        D:4 |      29 |       0 |   0.0 |       8 |       0 |   0.0
            +---------+---------+-------+---------+---------+-------
